 Dungeon Crawl Stone Soup version 0.29.0-10-g45618ea6d2 (webtiles) character file.

Game seed: 9697519888677995226

201 Kahsius the Insei (level 5, -1/40 HPs)
             Began as a Draconian Transmuter on Sept 1, 2022.
             Succumbed to a kobold brigand's poison
             ... on level 6 of the Dungeon.
             The game lasted 00:04:25 (2279 turns).

Kahsius the Insei (Draconian Transmuter)            Turns: 2279, Time: 00:04:26

Health: -1/40      AC:  5    Str: 12    XL:     5   Next: 50%
Magic:  8/8        EV: 12    Int: 13    God:
Gold:   135        SH:  0    Dex: 14    Spells: 7/8 levels left

rFire   . . .      SeeInvis .     - Unarmed
rCold   . . .      Faith    .   (no shield)
rNeg    . . .      Spirit   .   (body armour unavailable)
rPois   .          Reflect  .   (helmet currently unavailable)
rElec   .          Harm     .   (no cloak)
rCorr   .          Rampage  .   (no gloves)
Will    .....                   (boots currently unavailable)
Stlth   +.........              (no amulet)
HPRegen 0.13/turn               (no ring)
MPRegen 0.11/turn               (no ring)

@: lethally poisoned (-1 -> -10), appendages (expiring)
A: horns 2, talons 2, AC +5, unfitting armour, cold-blooded, frail 1, mutation
resistance 1
a: End Transformation


You were on level 6 of the Dungeon.
You had temporarily grown beastly horns and talons.
You visited 1 branch of the dungeon, and saw 4 of its levels.

You collected 135 gold pieces.

Inventory:

Jewellery
 f - a ring of wizardry
Scrolls
 c - a scroll of amnesia {unknown}
 e - a scroll of teleportation
 h - a scroll of fog {unknown}
 k - 2 scrolls of identify {unknown}
Potions
 a - 2 potions of lignification
 b - a potion of curing {unknown}
 d - a potion of brilliance
 i - a potion of heal wounds {unknown}
 j - a potion of resistance {unknown}


   Skills:
 + Level 3.4 Fighting
 - Level 1.7 Dodging
 + Level 4.3 Unarmed Combat
 - Level 2.0 Spellcasting
 + Level 3.7 Transmutations


You had 7 spell levels left.
You knew the following spells:

 Your Spells              Type           Power      Damage    Failure   Level
a - Beastly Appendage     Tmut           20%        N/A       5%          1

Your spell library contained the following spells:

 Spells                   Type           Power      Damage    Failure   Level
 Wereblood                Tmut           10%        N/A       9%          2
 Shock                    Conj/Air       4%         1d3       26%         1
 Spider Form              Tmut/Pois      6%         N/A       34%         3
 Swiftness                Air            1%         N/A       58%         3
 Ice Form                 Ice/Tmut       6%         N/A       75%         4
 Airstrike                Air            0%         2d(1-17)  94%         4


Dungeon Overview and Level Annotations

Branches:
Dungeon (3/15)

Altars:
Uskayaw


Innate Abilities, Weirdness & Mutations

You have temporarily grown beastly horns and talons.
Your plain brown scales are hard. (AC +5)
You cannot fit into any form of body armour.
You are cold-blooded and may be slowed by cold attacks.
You are frail. (-10% HP)
You are somewhat resistant to further mutation.


Message History

You are too injured to fight recklessly!
You barely miss the kobold brigand.
You claw the kobold brigand, but do no damage.
The kobold brigand is moderately wounded.
The jelly barely misses you.
The kobold brigand hits you with a +0 dagger.
You barely miss the kobold brigand. You claw the kobold brigand.
You headbutt the kobold brigand, but do no damage.
The kobold brigand is heavily wounded.
The jelly closely misses you.
The kobold brigand hits you with a +0 dagger.
An orc comes into view. It is wielding a +0 dagger.
You hit the kobold brigand but do no damage.
You claw the kobold brigand.
The kobold brigand is severely wounded.
A kobold comes into view. It is wielding a +0 club.
The jelly hits you but does no damage.
The kobold brigand hits you with a +0 dagger.
You completely miss the kobold brigand.
The kobold shouts!
You headbutt the kobold brigand.
Your tail-slap misses the kobold brigand.
The kobold brigand is severely wounded.
You hear a shout!
The jelly hits you but does no damage.
The kobold brigand hits you but does no damage.
The kobold brigand attacks as you move away!
The kobold brigand hits you with a +0 dagger.
* * * LOW HITPOINT WARNING * * *
Your transformation is almost over.
The kobold brigand attacks as you move away!
The kobold brigand barely misses you.
The kobold brigand throws a poisoned dart.
The poisoned dart hits you!
You are poisoned.
The jelly attacks as you move away! The jelly hits you.
* * * LOW HITPOINT WARNING * * *
You are splashed with acid!
* * * LOW HITPOINT WARNING * * *
You die...

###### # ###
##....##.#..
##..##...........
#..........#....
##.........## ..
##..)..@...# # .
##....#...# .#...
#.....J.##......
#.......K....#
..##.#...o.##.#
... ###....## ...
#...#K# ##.##?#
.. ..#


You could see a kobold brigand, a jelly, an orc and a kobold.

Vanquished Creatures
  A kobold brigand (D:3)
  Jessica (D:2)
  Natasha (twice) (D:2)
  2 adders (D:2)
  A worm (D:2)
  A dart slug (D:2)
  6 ball pythons
  A bat (D:3)
  5 endoplasms
  4 giant cockroaches
  3 goblins
  4 hobgoblins
  A quokka (D:2)
  A frilled lizard (D:1)
  2 kobolds
  3 rats
38 creatures vanquished.

Notes
Turn   | Place    | Note
-------+----------+-------------------------------------------
     0 | D:1      | Kahsius the Draconian Transmuter began the quest for the
                  | Orb.
     0 | D:1      | Reached XP level 1. HP: 16/16 MP: 3/3
   527 | D:1      | Reached XP level 2. HP: 23/23 MP: 3/5
   892 | D:1      | Gained mutation: You are somewhat resistant to further
                  | mutation. [potion of mutation]
   892 | D:1      | Gained mutation: You are frail. (-10% HP) [potion of
                  | mutation]
  1108 | D:2      | Noticed Jessica
  1130 | D:2      | Killed Jessica
  1131 | D:2      | Reached XP level 3. HP: 20/27 MP: 4/6
  1573 | D:2      | Reached XP level 4. HP: 33/33 MP: 5/7
  1630 | D:2      | Noticed Natasha
  1643 | D:2      | Killed Natasha
  1941 | D:2      | Noticed Natasha
  1954 | D:2      | Killed Natasha
  1955 | D:2      | Reached skill level 4 in Unarmed Combat
  2126 | D:3      | Found a hide-covered altar of Uskayaw.
  2134 | D:3      | Noticed a kobold brigand
  2147 | D:3      | Killed a kobold brigand
  2148 | D:3      | Reached XP level 5. HP: 40/40 MP: 6/8
  2256 | D:3      | You fall into a shaft and drop 3 floors!
  2279 | D:6      | HP: 1/40 [acid (8)]
  2279 | D:6      | Succumbed to a kobold brigand's poison

Illustrated notes

Levels and vault maps discovered:
D:1:      sevenhm_arrival_forest_fort_large_2, layout_loops_corners,
          kennysheep_doodads
D:2:      layout_loops_cross, uniq_natasha, uniq_jessica
D:3:      layout_basic, mainiacjoe_overflow_small_starburst,
          shapermc_ecumenical_altar_mp_vishouse
D:6:      layout_cave_pools, uniq_blork_the_orc

Skill      XL: |  1  2  3  4 |
---------------+-------------+-----
Fighting       | 2 3 |  3.4
Transmutations | 3 |  3.7
Unarmed Combat | 4 |  4.3
Dodging        | |  1.7
Spellcasting   | |  2.0

Action                   |  1- 3 |  4- 6 || total
-------------------------+-------+-------++-------
Melee: Unarmed           |    54 |    44 ||    98
       Kick              |    12 |    10 ||    22
       Tailslap          |     7 |     9 ||    16
       Headbutt          |     6 |     7 ||    13
       Punch             |       |     2 ||     2
 Cast: Beastly Appendage |    21 |    10 ||    31
  Use: Potion            |     4 |     1 ||     5
       Scroll            |     1 |       ||     1
 Stab: Sleeping          |     2 |     2 ||     4
Armor: Skin              |    10 |     7 ||    17
Dodge: Dodged            |    27 |    17 ||    44
